Dernière mise à jour: 2025-12-07 16:11:59
% Time on Ice - VICTORIA GLADIATORS
Lines # - Real PCT - Wanted PCT - Time Play
Normal Forward
1 - 32% - 36% - 15:35
2 - 30% - 34% - 14:30
3 - 26% - 24% - 12:34
4 - 11% - 6% - 5:20
Normal Defense
1 - 40% - 40% - 19:14
2 - 34% - 35% - 16:27
3 - 26% - 25% - 12:18
4 - 0% - 0% - 0:00
PP Forward
1 - 79% - 60% - 3:14
2 - 21% - 40% - 0:51
PP Defense
1 - 62% - 60% - 2:33
2 - 38% - 40% - 1:32
PK Forward
1 - 74% - 60% - 4:31
2 - 26% - 40% - 1:33
PK Defense
1 - 64% - 60% - 3:52
2 - 36% - 40% - 2:12
PK3 Forward
1 - 0% - 55%
2 - 0% - 45%
PK3 Defense
1 - 0% - 55%
2 - 0% - 45%
44 Forward
1 - 60% - 55% - 1:07
2 - 40% - 45% - 0:45
44 Defense
1 - 60% - 55% - 1:07
2 - 40% - 45% - 0:45
Last Minute Offensive  - 0:00
Last Minute Defensive  - 0:00
Total
Forward - 60:00
Defense - 60:00
% Time on Ice - OAKLAND GORILLAS
Lines # - Real PCT - Wanted PCT - Time Play
Normal Forward
1 - 33% - 31% - 15:56
2 - 30% - 31% - 14:34
3 - 22% - 23% - 10:29
4 - 15% - 15% - 7:00
Normal Defense
1 - 33% - 36% - 15:52
2 - 35% - 31% - 16:40
3 - 26% - 23% - 12:21
4 - 6% - 10% - 3:06
PP Forward
1 - 58% - 55% - 3:30
2 - 42% - 45% - 2:34
PP Defense
1 - 54% - 55% - 3:18
2 - 46% - 45% - 2:46
PK Forward
1 - 79% - 55% - 1:52
2 - 21% - 45% - 0:29
PK Defense
1 - 66% - 55% - 1:33
2 - 34% - 45% - 0:48
PK3 Forward
1 - 81% - 55% - 1:24
2 - 19% - 45% - 0:20
PK3 Defense
1 - 36% - 55% - 0:37
2 - 64% - 45% - 1:07
44 Forward
1 - 50% - 55% - 0:56
2 - 50% - 45% - 0:56
44 Defense
1 - 50% - 55% - 0:56
2 - 50% - 45% - 0:56
Last Minute Offensive  - 0:00
Last Minute Defensive  - 0:00
Total
Forward - 60:00
Defense - 60:00
Play-by-Play 1st period 0:01 of 1st period - Mark Scheifele wins face-off versus Brock Nelson in neutral zone. 1:18 of 1st period - Shot by Colton Sissons. 1:18 of 1st period - Shot Misses the Net. 1:20 of 1st period - Shot by Colton Sissons. 1:20 of 1st period - Shot Misses the Net. 1:32 of 1st period - Shot by Patrik Laine. 1:32 of 1st period - Shot Blocked by Jan Rutta. 1:34 of 1st period - Shot by Andrew Cogliano. 1:34 of 1st period - Shot Blocked by Jan Rutta. 1:36 of 1st period - Shot by Andrew Cogliano. 1:36 of 1st period - Stopped by Jake Oettinger without a rebound. 1:37 of 1st period - Adam Lowry wins face-off versus Michael Eyssimont in VICTORIA GLADIATORS zone. 1:46 of 1st period - Shot by Eric Robinson. 1:46 of 1st period - Shot Misses the Net. 1:48 of 1st period - Shot by Justin Holl. 1:48 of 1st period - Goal by Justin Holl - VICTORIA GLADIATORS : 0 - OAKLAND GORILLAS : 1. 1:49 of 1st period - Mavrik Bourque wins face-off versus Mason Appleton in neutral zone. 3:15 of 1st period - Shot by Mikael Granlund. 3:15 of 1st period - Stopped by Joonas Korpisalo with a rebound. 4:04 of 1st period - Shot by Adam Lowry. 4:04 of 1st period - Shot Misses the Net. 4:18 of 1st period - Shot by Jake Evans. 4:18 of 1st period - Stopped by Joonas Korpisalo without a rebound. 4:19 of 1st period - Mark Scheifele wins face-off versus Brock Nelson in OAKLAND GORILLAS zone. 4:21 of 1st period - Artemi Panarin is hit by Justin Holl and loses puck. 4:29 of 1st period - Icing by Brock Nelson. 4:30 of 1st period - Brock Nelson wins face-off versus Artemi Panarin in OAKLAND GORILLAS zone. 4:48 of 1st period - Mark Scheifele is hit by Andrei Svechnikov and loses puck. 5:04 of 1st period - Icing by Dante Fabbro. 5:05 of 1st period - Adam Lowry wins face-off versus Andrei Svechnikov in OAKLAND GORILLAS zone. 6:01 of 1st period - Shot by Colton Sissons. 6:01 of 1st period - Shot Blocked by Jordan Martinook. 6:20 of 1st period - Shot by Colton Sissons. 6:20 of 1st period - Stopped by Jake Oettinger without a rebound. 6:21 of 1st period - Logan Couture wins face-off versus Matt Duchene in VICTORIA GLADIATORS zone. 6:32 of 1st period - Shot by Matt Duchene. 6:32 of 1st period - Shot Blocked by Topi Niemela. 6:34 of 1st period - Shot by Matt Duchene. 6:34 of 1st period - Stopped by Joonas Korpisalo with a rebound. 6:36 of 1st period - Shot by Justin Faulk. 6:36 of 1st period - Shot Misses the Net. 6:42 of 1st period - Shot by Conor Garland. 6:42 of 1st period - Deflect By Matt Duchene. 6:42 of 1st period - Shot Blocked by Michael Eyssimont. 6:44 of 1st period - Shot by Conor Garland. 6:44 of 1st period - Stopped by Joonas Korpisalo without a rebound. 6:45 of 1st period - Mark Scheifele wins face-off versus Alexander Holtz in OAKLAND GORILLAS zone. 6:46 of 1st period - Shot by Artemi Panarin. 6:46 of 1st period - Stopped by Joonas Korpisalo with a rebound. 6:48 of 1st period - Shot by David Pastrnak. 6:48 of 1st period - Stopped by Joonas Korpisalo without a rebound. 6:49 of 1st period - Mark Scheifele wins face-off versus Mavrik Bourque in OAKLAND GORILLAS zone. 7:21 of 1st period - Shot by Mark Scheifele. 7:21 of 1st period - Shot Misses the Net. 7:27 of 1st period - Shot by David Pastrnak. 7:27 of 1st period - Shot Misses the Net. 7:29 of 1st period - Shot by Mark Scheifele. 7:29 of 1st period - Goal by Mark Scheifele - VICTORIA GLADIATORS : 1 - OAKLAND GORILLAS : 1. 7:30 of 1st period - Colton Sissons wins face-off versus Matt Duchene in neutral zone. 7:46 of 1st period - Shot by Mikael Granlund. 7:46 of 1st period - Stopped by Joonas Korpisalo without a rebound. 7:47 of 1st period - Logan Couture wins face-off versus Adam Lowry in OAKLAND GORILLAS zone. 8:10 of 1st period - Dante Fabbro is hit by Jordan Martinook and loses puck. 8:22 of 1st period - Icing by Eric Robinson. 8:23 of 1st period - Matt Duchene wins face-off versus Eric Robinson in OAKLAND GORILLAS zone. 8:55 of 1st period - Andrew Cogliano is hit by Justin Faulk and loses puck. 9:14 of 1st period - Shot by Colton Sissons. 9:14 of 1st period - Shot Misses the Net. 9:15 of 1st period - Minor Penalty to Justin Faulk for Roughing. 9:16 of 1st period - Brock Nelson wins face-off versus Adam Lowry in VICTORIA GLADIATORS zone. 9:21 of 1st period - Shot by Brock Nelson. 9:21 of 1st period - Shot Misses the Net. 9:23 of 1st period - Shot by Alex Killorn. 9:23 of 1st period - Shot Misses the Net. 9:25 of 1st period - Shot by Dante Fabbro. 9:25 of 1st period - Stopped by Jake Oettinger without a rebound. 9:26 of 1st period - Adam Lowry wins face-off versus Brock Nelson in VICTORIA GLADIATORS zone. 11:17 of 1st period - Shot by Artemi Panarin. 11:17 of 1st period - Stopped by Joonas Korpisalo with a rebound. 11:53 of 1st period - Off-side. 11:54 of 1st period - Matt Duchene wins face-off versus Brock Nelson in neutral zone. 12:14 of 1st period - Shot by Matt Duchene. 12:14 of 1st period - Shot Misses the Net. 12:16 of 1st period - Shot by Nick Seeler. 12:16 of 1st period - Stopped by Joonas Korpisalo without a rebound. 12:17 of 1st period - Adam Lowry wins face-off versus Mavrik Bourque in OAKLAND GORILLAS zone. 13:47 of 1st period - Andrew Cogliano is hit by Adam Lowry and loses puck. 13:53 of 1st period - Icing by Patrik Laine. 13:54 of 1st period - Colton Sissons wins face-off versus Mark Scheifele in OAKLAND GORILLAS zone. 14:16 of 1st period - Shot by Mark Scheifele. 14:16 of 1st period - Shot Misses the Net. 14:20 of 1st period - Shot by Artemi Panarin. 14:20 of 1st period - Shot Misses the Net. 14:36 of 1st period - Shot by David Pastrnak. 14:36 of 1st period - Stopped by Joonas Korpisalo without a rebound. 14:37 of 1st period - Mikael Granlund wins face-off versus Brock Nelson in OAKLAND GORILLAS zone. 16:39 of 1st period - Shot by David Pastrnak. 16:39 of 1st period - Stopped by Joonas Korpisalo without a rebound. 16:40 of 1st period - Adam Lowry wins face-off versus Colton Sissons in OAKLAND GORILLAS zone. 17:04 of 1st period - Shot by Colton Sissons. 17:04 of 1st period - Shot Misses the Net. 17:06 of 1st period - Shot by Colton Sissons. 17:06 of 1st period - Stopped by Jake Oettinger without a rebound. 17:07 of 1st period - Matt Duchene wins face-off versus Mavrik Bourque in VICTORIA GLADIATORS zone. 17:28 of 1st period - Mikael Granlund is hit by Milan Lucic. 17:34 of 1st period - Shot by Mikael Granlund. 17:34 of 1st period - Shot Misses the Net. 17:49 of 1st period - Shot by Mikael Granlund. 17:49 of 1st period - Deflect By Matt Duchene. 17:49 of 1st period - Stopped by Joonas Korpisalo with a rebound. 18:09 of 1st period - Shot by David Pastrnak. 18:09 of 1st period - Stopped by Joonas Korpisalo without a rebound. 18:10 of 1st period - Colton Sissons wins face-off versus Adam Lowry in OAKLAND GORILLAS zone. 18:24 of 1st period - Icing by Niko Mikkola. 18:25 of 1st period - Brock Nelson wins face-off versus Jordan Martinook in VICTORIA GLADIATORS zone. 18:30 of 1st period - Shot by Andrei Svechnikov. 18:30 of 1st period - Shot Blocked by Nick Seeler. 18:41 of 1st period - Minor Penalty to Andrei Svechnikov for Hooking. 18:42 of 1st period - Logan Couture wins face-off versus Mark Scheifele in OAKLAND GORILLAS zone. 19:20 of 1st period - Icing by Artemi Panarin. 19:21 of 1st period - Mark Scheifele wins face-off versus Michael Eyssimont in VICTORIA GLADIATORS zone. 19:28 of 1st period - Shot by Mikael Granlund. 19:28 of 1st period - Shot Misses the Net. 19:30 of 1st period - Shot by David Pastrnak. 19:30 of 1st period - Stopped by Joonas Korpisalo with a rebound. 19:32 of 1st period - Shot by David Pastrnak. 19:32 of 1st period - Shot Misses the Net. 19:34 of 1st period - Shot by David Pastrnak. 19:34 of 1st period - Shot Blocked by Colton Sissons. 19:36 of 1st period - Shot by Mikael Granlund. 19:36 of 1st period - Stopped by Joonas Korpisalo without a rebound. 19:37 of 1st period - Alex Killorn wins face-off versus Matt Duchene in OAKLAND GORILLAS zone. 19:43 of 1st period - Icing by Justin Faulk. 19:44 of 1st period - Daniel Sprong wins face-off versus Logan Couture in VICTORIA GLADIATORS zone. 19:44 of 1st period - Daniel Sprong is hit by Alex Killorn. Goals for this period are 1 for VICTORIA GLADIATORS vs 1 for OAKLAND GORILLAS. Shots for this period are 16 for VICTORIA GLADIATORS vs 5 for OAKLAND GORILLAS. 2nd period 0:01 of 2nd period - Mark Scheifele wins face-off versus Logan Couture in neutral zone. 0:06 of 2nd period - Shot by Artemi Panarin. 0:06 of 2nd period - Shot Blocked by Brenden Dillon. 0:10 of 2nd period - Shot by David Pastrnak. 0:10 of 2nd period - Stopped by Joonas Korpisalo without a rebound. 0:11 of 2nd period - Logan Couture wins face-off versus Artemi Panarin in OAKLAND GORILLAS zone. 0:45 of 2nd period - Icing by Dmitri Orlov. 0:46 of 2nd period - Adam Lowry wins face-off versus Mavrik Bourque in OAKLAND GORILLAS zone. 1:17 of 2nd period - Alexander Holtz is hit by Jan Rutta and loses puck. 1:49 of 2nd period - Shot by Artemi Panarin. 1:49 of 2nd period - Shot Misses the Net. 1:56 of 2nd period - David Pastrnak is hit by Brenden Dillon and loses puck. 2:08 of 2nd period - David Pastrnak is hit by Brenden Dillon and loses puck. 2:46 of 2nd period - Mikael Granlund is hit by Brenden Dillon and loses puck. 3:11 of 2nd period - Shot by Andrei Svechnikov. 3:11 of 2nd period - Shot Misses the Net. 3:13 of 2nd period - Shot by Alex Killorn. 3:13 of 2nd period - Stopped by Jake Oettinger without a rebound. 3:14 of 2nd period - Logan Couture wins face-off versus Mason Appleton in VICTORIA GLADIATORS zone. 3:19 of 2nd period - Shot by Eric Robinson. 3:19 of 2nd period - Stopped by Jake Oettinger without a rebound. 3:20 of 2nd period - Adam Lowry wins face-off versus Brock Nelson in VICTORIA GLADIATORS zone. 3:29 of 2nd period - Shot by Adam Lowry. 3:29 of 2nd period - Shot Misses the Net. 3:35 of 2nd period - Adam Lowry is hit by Alex Killorn and loses puck. 3:46 of 2nd period - Shot by Brock Nelson. 3:46 of 2nd period - Shot Misses the Net. 4:04 of 2nd period - Shot by Andrei Svechnikov. 4:04 of 2nd period - Shot Blocked by Brandon Carlo. 4:06 of 2nd period - Shot by Alex Killorn. 4:06 of 2nd period - Stopped by Jake Oettinger without a rebound. 4:07 of 2nd period - Mark Scheifele wins face-off versus Logan Couture in VICTORIA GLADIATORS zone. 4:55 of 2nd period - Shot by Mark Scheifele. 4:55 of 2nd period - Goal by Mark Scheifele - VICTORIA GLADIATORS : 2 - OAKLAND GORILLAS : 1. 4:56 of 2nd period - Brock Nelson wins face-off versus Matt Duchene in neutral zone. 4:58 of 2nd period - Minor Penalty to Niko Mikkola for Interference. 4:59 of 2nd period - Brock Nelson wins face-off versus Adam Lowry in VICTORIA GLADIATORS zone. 5:05 of 2nd period - Minor Penalty to Andrei Svechnikov for Roughing. 5:06 of 2nd period - Mark Scheifele wins face-off versus Brock Nelson in OAKLAND GORILLAS zone. 5:2